 Dungeon Crawl Stone Soup version 0.22.0-49-gab54619674 (webtiles) character file.

350 JedernureinKreuz the Conjurer (level 6, -4/44 HPs)
             Began as a Gnoll Conjurer on Sept 9, 2018.
             Slain by a bullfrog (7 damage)
             ... on level 3 of the Dungeon.
             The game lasted 00:19:33 (3955 turns).

JedernureinKreuz the Conjurer (Gnoll Conjurer)      Turns: 3955, Time: 00:19:33

Health: -4/44      AC:  3    Str: 11    XL:     6   Next: 61%
Magic:  0/14       EV: 14    Int: 19    God:
Gold:   101        SH:  0    Dex: 15    Spells: 7/15 levels left

rFire    . . .     SeeInvis .   t - +1 short sword (speed)
rCold    . . .     Gourm    .   (no shield)
rNeg     . . .     Faith    .   f - +0 leather armour
rPois    .         Spirit   .   (no helmet)
rElec    .         Reflect  .   (no cloak)
rCorr    .         Harm     .   (no gloves)
MR       +....                  (no boots)
Stlth    +++.......             (no amulet)
HPRegen  0.14/turn              h - ring of protection from magic
MPRegen  0.14/turn              (no ring)

@: very slightly contaminated
A: distributed training, fangs 1, strong nose
a: no special abilities


You were on level 3 of the Dungeon.
You were not hungry.

You visited 1 branch of the dungeon, and saw 4 of its levels.

You collected 101 gold pieces.

Inventory:

Hand Weapons
 d - a +0 short sword
 t - a +1 short sword of speed (weapon)
 y - a +1 spear of piercing
Missiles
 b - 73 arrows
 e - 175 stones
 n - 24 sling bullets
 u - 6 tomahawks (quivered)
 w - 13 bolts
Armour
 a - a +0 robe
 f - a +0 leather armour (worn)
Jewellery
 g - a +5 ring of protection {unknown}
 h - a ring of protection from magic (left hand)
Scrolls
 i - 2 scrolls of teleportation
 m - a scroll of identify
 s - a scroll of amnesia {unknown}
Potions
 j - 2 potions of agility
 k - a potion of heal wounds {unknown}
 l - a potion of cancellation
 o - a potion of flight
 p - a potion of ambrosia
 r - a potion of degeneration {unknown}
 v - 2 potions of curing {unknown}
Comestibles
 c - 9 rations


   Skills:
 + Level 2.0 Fighting
 + Level 2.0 Short Blades
 + Level 2.0 Long Blades
 + Level 2.0 Axes
 + Level 2.0 Maces & Flails
 + Level 2.0 Polearms
 + Level 2.0 Staves
 + Level 2.0 Slings
 + Level 2.0 Bows
 + Level 2.0 Crossbows
 + Level 2.0 Throwing
 + Level 2.0 Armour
 + Level 5.0 Dodging
 + Level 4.6 Stealth
 + Level 2.0 Shields
 + Level 2.0 Unarmed Combat
 + Level 5.4 Spellcasting
 + Level 7.3 Conjurations
 + Level 1.5 Hexes
 + Level 1.5 Charms
 + Level 1.5 Summonings
 + Level 1.5 Necromancy
 + Level 1.5 Translocations
 + Level 1.5 Transmutations
 + Level 1.5 Fire Magic
 + Level 1.5 Ice Magic
 + Level 1.5 Air Magic
 + Level 1.5 Earth Magic
 + Level 1.5 Poison Magic
 + Level 2.2 Invocations
 + Level 2.0 Evocations


You had 7 spell levels left.
You knew the following spells:

 Your Spells              Type           Power        Failure   Level  Hunger
a - Magic Dart            Conj           ####         1%          1    None
b - Confuse               Hex            ##......     24%         3    ##.....
c - Iskenderun's Mystic   Conj           ####....     8%          4    ####...

Your spell library contained the following spells:

 Spells                   Type           Power        Failure   Level  Hunger
 Searing Ray              Conj           ####..       1%          2    None
 Dazzling Spray           Conj/Hex       ###...       8%          3    ##.....
 Confusing Touch          Hex            ##....       9%          1    None
 Gell's Gravitas          Tloc           ##........   24%         3    ##.....
 Force Lance              Conj/Tloc      ###.....     26%         4    ####...
 Fulminant Prism          Conj/Hex       ###.......   26%         4    ####...
 Petrify                  Tmut/Erth      ##......     63%         4    ####...
 Metabolic Englaciation   Hex/Ice        ##........   92%         5    #####..
 Yara's Violent Unravell  Hex/Tmut       ##........   92%         5    #####..


Dungeon Overview and Level Annotations

Branches:
Dungeon (4/15)
 Temple: D:4-7

Altars:
Gozag
Vehumet
Wu Jian
The Shining One

Shops:
D:4 [

Annotations:
D:4 1 runed door, ColeusSanctus's ghost, amateur DsSk


Innate Abilities, Weirdness & Mutations

Your experience applies equally to all skills.
You have very sharp teeth.
Your uncanny sense of smell can sniff out nearby items.


Message History

The bullfrog is heavily wounded.
The bullfrog misses you. The bullfrog barely misses you.
Casting: Magic Dart (safe; 1% risk of failure)
Confirm with . or Enter, or press ? or * to list all spells.
Aiming: Magic Dart (safe; 1% risk of failure)
Press: ? - help, Shift-Dir - straight line, f/p - bullfrog
Aim: a bullfrog (heavily wounded)
The magic dart hits the bullfrog.
The bullfrog is severely wounded.
The bullfrog barely misses you. The bullfrog hits you.
* * * LOW HITPOINT WARNING * * *
Casting: Magic Dart (safe; 1% risk of failure)
Confirm with . or Enter, or press ? or * to list all spells.
Aiming: Magic Dart (safe; 1% risk of failure)
Press: ? - help, Shift-Dir - straight line, f/p - bullfrog
Aim: a bullfrog (severely wounded)
The magic dart hits the bullfrog.
The bullfrog is severely wounded.
The bullfrog hits you!
You die...

######### ####.)..... .....>..#
#..........
#...###.###############..........
................................#
....###..#.......................
....#...####.####................
......######.....>...............
...........######F..............#
....######<#####@..............##
....# #....##............####
....#######..)....>##.#.....#
............##......#.#######
...###########.####...# .......#
#.# ##..## ################ #...#
..............# ##..##########
...#...#)..#..# #..#.....#...


You could see a bullfrog.

Vanquished Creatures
  An orc priest (D:3)
  2 hounds (D:4)
  An iguana (D:3)
  A worker ant (D:4)
  A hound skeleton (D:4)
  8 adders
  A shadow imp (D:4)
  2 oozes
  An adder zombie (D:3)
  2 dart slugs (D:2)
  3 leopard geckos
  8 orcs (D:3)
  4 ball pythons
  3 giant cockroaches
  8 goblins
  7 hobgoblins
  15 jackals
  2 quokkas
  5 bats
  4 frilled lizards
  2 jackal skeletons
  7 kobolds
  12 rats
100 creatures vanquished.

Notes
Turn   | Place    | Note
-------+----------+-------------------------------------------
     0 | D:1      | JedernureinKreuz the Gnoll Conjurer began the quest for the
                  | Orb.
     0 | D:1      | Reached XP level 1. HP: 13/13 MP: 6/6
   146 | D:1      | Reached XP level 2. HP: 19/19 MP: 3/7
   604 | D:1      | Reached XP level 3. HP: 25/25 MP: 9/9
   812 | D:1      | Reached skill level 5 in Spellcasting
  1001 | D:2      | Reached skill level 1 in Invocations
  1010 | D:2      | Found a glowing golden altar of the Shining One.
  1196 | D:2      | Found an opulent altar of Gozag.
  1199 | D:2      | Reached skill level 1 in Fighting
  1199 | D:2      | Reached skill level 1 in Short Blades
  1199 | D:2      | Reached skill level 1 in Long Blades
  1199 | D:2      | Reached skill level 1 in Axes
  1199 | D:2      | Reached skill level 1 in Maces & Flails
  1199 | D:2      | Reached skill level 1 in Polearms
  1199 | D:2      | Reached skill level 1 in Staves
  1199 | D:2      | Reached skill level 1 in Slings
  1199 | D:2      | Reached skill level 1 in Bows
  1199 | D:2      | Reached skill level 1 in Crossbows
  1199 | D:2      | Reached skill level 1 in Throwing
  1199 | D:2      | Reached skill level 1 in Armour
  1199 | D:2      | Reached skill level 1 in Shields
  1199 | D:2      | Reached skill level 1 in Unarmed Combat
  1199 | D:2      | Reached skill level 1 in Evocations
  1205 | D:2      | Reached XP level 4. HP: 26/32 MP: 0/11
  1646 | D:2      | Reached skill level 1 in Hexes
  1646 | D:2      | Reached skill level 1 in Charms
  1646 | D:2      | Reached skill level 1 in Summonings
  1646 | D:2      | Reached skill level 1 in Necromancy
  1646 | D:2      | Reached skill level 1 in Translocations
  1646 | D:2      | Reached skill level 1 in Transmutations
  1646 | D:2      | Reached skill level 1 in Fire Magic
  1646 | D:2      | Reached skill level 1 in Ice Magic
  1646 | D:2      | Reached skill level 1 in Air Magic
  1646 | D:2      | Reached skill level 1 in Earth Magic
  1646 | D:2      | Reached skill level 1 in Poison Magic
  1909 | D:3      | Reached XP level 5. HP: 33/37 MP: 2/12
  2560 | D:3      | Found a radiant altar of Vehumet.
  2671 | D:3      | Learned a level 3 spell: Confuse
  2676 | D:3      | Learned a level 4 spell: Iskenderun's Mystic Blast
  2693 | D:3      | Reached XP level 6. HP: 44/44 MP: 1/13
  3015 | D:4      | Found a runed door.
  3021 | D:4      | Noticed ColeusSanctus's ghost (amateur DsSk)
  3414 | D:4      | Reached skill level 5 in Dodging
  3415 | D:4      | Found Vodokh's Armour Boutique.
  3767 | D:4      | Found a runed door.
  3781 | D:4      | Found an ornate altar of the Wu Jian Council.
  3955 | D:3      | Slain by a bullfrog

Skill      XL: |  1  2  3  4  5  6 |
---------------+-------------------+-----
Spellcasting   | 5 |  5.4
Invocations    | 1 2 |  2.2
Fighting       | 1 2 |  2.0
Short Blades   | 1 2 |  2.0
Long Blades    | 1 2 |  2.0
Axes           | 1 2 |  2.0
Maces & Flails | 1 2 |  2.0
Polearms       | 1 2 |  2.0
Staves         | 1 2 |  2.0
Slings         | 1 2 |  2.0
Bows           | 1 2 |  2.0
Crossbows      | 1 2 |  2.0
Throwing       | 1 2 |  2.0
Armour         | 1 2 |  2.0
Shields        | 1 2 |  2.0
Unarmed Combat | 1 2 |  2.0
Evocations     | 1 2 |  2.0
Hexes          | 1 |  1.5
Charms         | 1 |  1.5
Summonings     | 1 |  1.5
Necromancy     | 1 |  1.5
Translocations | 1 |  1.5
Transmutations | 1 |  1.5
Fire Magic     | 1 |  1.5
Ice Magic      | 1 |  1.5
Air Magic      | 1 |  1.5
Earth Magic    | 1 |  1.5
Poison Magic   | 1 |  1.5
Dodging        | 5 |  5.0
Stealth        | |  4.6
Conjurations   | |  7.3

Action                   |  1- 3 |  4- 6 || total
-------------------------+-------+-------++-------
Melee: Short sword       |    31 |    46 ||    77
       Bite              |     2 |     3 ||     5
Throw: Tomahawk          |       |     3 ||     3
 Cast: Magic Dart        |    56 |   128 ||   184
       Iskenderun's Myst |       |     2 ||     2
  Use: Scroll            |       |    11 ||    11
 Stab: Sleeping          |     3 |     1 ||     4
  Eat: Chunk             |     1 |     7 ||     8
       Ration            |       |     1 ||     1
Armor: Robe              |     3 |     8 ||    11
       Leather armour    |       |     8 ||     8
Dodge: Dodged            |    24 |    90 ||   114
